 Dungeon Crawl Stone Soup version 0.30.1-3-gfc49f6343a (webtiles) character file.

Game seed: 4360514110030652026

1871 Destapler the Chiller (level 9, -1/52 HPs)
             Began as a Gargoyle Ice Elementalist on July 30, 2023.
             Was a Follower of Sif Muna.
             Slain by an orc
             ... wielding a +0 hand axe
              (4 damage)
             ... on level 7 of the Dungeon.
             The game lasted 00:29:25 (6869 turns).

Destapler the Chiller (Gargoyle Ice Elementalist)   Turns: 6869, Time: 00:29:26

Health: -1/52      AC: 10    Str: 11    XL:     9   Next: 13%
Magic:  5/15       EV: 17    Int: 21    God:    Sif Muna [*.....]
Gold:   387        SH:  0    Dex: 10    Spells: 12/16 levels left

rFire   . . .        v - +3 mace (freeze)
rCold   . . .        (no shield)
rNeg    + + .        a - +0 robe
rPois   ∞            w - +1 helmet
rElec   +            (no cloak)
rCorr   .            (no gloves)
SInv    .            (no boots)
Will    .....        (no amulet)
Stlth   +++          s - +5 ring of evasion
HPRegen 0.28/turn    t - ring of positive energy
MPRegen 0.14/turn

%: no passive effects
@: no status effects
A: sickness immunity, AC +6, negative energy resistance 1, electricity
resistance, torment resistance 1, petrification resistance
a: Renounce Religion, Channel Magic


You were on level 7 of the Dungeon.
You worshipped Sif Muna.
Sif Muna was aware of your devotion.
You visited 2 branches of the dungeon, and saw 8 of its levels.

You collected 387 gold pieces.

Inventory:

Hand Weapons
 g - a +0 whip
 l - a +3 dagger
 p - a +0 mace of draining
 v - a +3 mace of freezing (weapon)
Armour
 a - a +0 robe (worn)
 w - a +1 helmet (worn)
Jewellery
 s - a +5 ring of evasion (left hand)
 t - a ring of positive energy (right hand)
 C - an amulet of the acrobat
 D - a ring of magical power
Wands
 A - a wand of iceblast (9)
Scrolls
 d - 2 scrolls of noise
 k - 7 scrolls of identify
 o - 2 scrolls of enchant weapon {unknown}
 q - 3 scrolls of teleportation {unknown}
 u - 2 scrolls of acquirement {unknown}
 x - a scroll of blinking {unknown}
 y - 2 scrolls of poison {unknown}
 B - a scroll of immolation {unknown}
Potions
 b - 2 potions of magic
 c - a potion of brilliance {unknown}
 e - a potion of degeneration {unknown}
 f - 2 potions of lignification {unknown}
 h - a potion of flight {unknown}
 i - a potion of heal wounds
 n - 3 potions of curing {unknown}
 r - 3 potions of mutation {unknown}
 z - 2 potions of might {unknown}
 E - 2 potions of resistance {unknown}


   Skills:
 - Level 4.0 Fighting
 + Level 4.5 Maces & Flails
 - Level 3.0 Armour
 - Level 3.0 Dodging
 - Level 5.0 Stealth
 - Level 4.0 Spellcasting
 - Level 6.0 Ice Magic
 - Level 4.0 Invocations
 - Level 3.0 Evocations


You had 12 spell levels left.
You knew the following spells:

 Your Spells              Type           Power      Damage    Failure   Level
a - Freeze                Ice            100%       1d10      1%          1
b - Ozocubu's Armour      Ice            29%        N/A       3%          3

Your spell library contained the following spells:

 Spells                   Type           Power      Damage    Failure   Level
 Frozen Ramparts          Ice            58%        1d9       3%          3
 Hailstorm                Conj/Ice       16%        3d6       11%         3
 Magic Dart               Conj           16%        1d3       12%         1
 Call Imp                 Summ           8%         N/A       19%         2
 Wereblood                Tmut           4%         N/A       19%         2
 Mephitic Cloud           Conj/Pois/Air  4%         N/A       34%         3
 Ice Form                 Ice/Tmut       16%        N/A       34%         4
 Summon Ice Beast         Ice/Summ       16%        N/A       34%         4
 Simulacrum               Ice/Necr       8%         N/A       99%         6
 Summon Hydra             Summ           2%         N/A       100%        7
 Sublimation of Blood     Necr           Unusable   N/A       N/A         2

Dungeon Overview and Level Annotations

Branches:
Dungeon (7/15)             Temple (1/1) D:4

Altars:
Ashenzari
Cheibriados
Dithmenos
Elyvilon
Fedhas
Gozag
Hepliaklqana
Kikubaaqudgha
Makhleb
Nemelex Xobeh
Okawaru
Qazlal
Ru
Sif Muna
Trog
Uskayaw
Vehumet
Wu Jian
Xom
Yredelemnul
Zin
The Shining One

Shops:
D:3 (


Innate Abilities, Weirdness & Mutations

You are immune to sickness and miasma.
Your stone body is resilient. (AC +6)
You are immune to poison.
You resist negative energy. (rN+)
You are resistant to electric shocks. (rElec)
You are resistant to unholy torment.
You are immune to petrification.


Message History

The killer bee closely misses you.
The killer bee stings you but does no damage.
The killer bee misses you. x2; The orc completely misses you.
Unknown command.
You miss the killer bee.
The killer bee is heavily wounded.
You hear the creaking of a distant portcullis.
The killer bee stings you.
* * * LOW HITPOINT WARNING * * *
The killer bee misses you. The killer bee barely misses you. x2
The orc hits you but does no damage.
You barely miss the killer bee.
The killer bee is heavily wounded.
The killer bee misses you. x2; The killer bee closely misses you. x2
The orc barely misses you. The killer bee barely misses you.
The killer bee stings you but does no damage.
You hit the killer bee. You freeze the killer bee.
The killer bee is almost dead.
Your icy armour evaporates.
The killer bee stings you.
* * * LOW HITPOINT WARNING * * *
The killer bee stings you but does no damage.
The orc hits you but does no damage.
The killer bee stings you but does no damage.
The killer bee stings you!
* * * LOW HITPOINT WARNING * * *
You closely miss the killer bee.
The killer bee is almost dead.
The killer bee stings you but does no damage.
The killer bee misses you. The orc hits you but does no damage.
The killer bee barely misses you. The killer bee closely misses you.
Unknown command.
You sock the killer bee! You freeze the killer bee.
You kill the killer bee!
Sif Muna accepts your kill. The killer bee closely misses you.
The killer bee stings you.
* * * LOW HITPOINT WARNING * * *
The orc barely misses you. The killer bee barely misses you.
The orc hits you with a +0 hand axe.
You die...

#.....# #................
###.....#########........####
.......)........'..>.....#
####...)#.......#......[.#
#....#(......#........#
.......#.......###+##.....
###....#.......# #.....
####....oy...# ......
##...)@...# ......[
###.)##### #####.####
#......$.# #...)....#
#.....$..# #######.o# #.. ..>


You could see a killer bee and an orc.

Vanquished Creatures
  Menkaure (D:6)
  Duvessa (D:6)
  2 water moccasins (D:5)
  A centaur (D:6)
  2 ogres
  A phantom (D:6)
  A bullfrog (D:7)
  2 scorpions
  Dowan (D:6)
  5 killer bees (D:7)
  A jelly (D:5)
  4 hounds
  2 orc priests
  A sleepcap (D:5)
  4 iguanas
  4 orc wizards
  Robin (D:2)
  8 gnolls
  5 adders
  A white imp (D:6)
  2 ufetubi
  3 dart slugs
  21 orcs
  6 ball pythons
  9 endoplasms
  4 giant cockroaches
  16 goblins
  10 hobgoblins
  3 jackals (D:1)
  2 quokkas (D:3)
  7 bats
  3 frilled lizards
  6 kobolds
  A quokka zombie (D:6)
  7 rats
  A rat zombie (D:6)
149 creatures vanquished.

Notes
Turn   | Place    | Note
-------+----------+-------------------------------------------
     0 | D:1      | Destapler the Gargoyle Ice Elementalist began the quest for
                  | the Orb.
     0 | D:1      | Reached XP level 1. HP: 10/10 MP: 3/3
   195 | D:1      | Reached XP level 2. HP: 13/15 MP: 1/5
   606 | D:1      | Reached XP level 3. HP: 19/19 MP: 4/6
   610 | D:1      | Learned a level 3 spell: Ozocubu's Armour
  1397 | D:2      | Noticed Robin
  1548 | D:2      | Killed Robin
  1549 | D:2      | Reached skill level 1 in Fighting
  1549 | D:2      | Reached XP level 4. HP: 10/25 MP: 0/8
  2188 | D:3      | You fall into a shaft and drop 3 floors!
  2204 | D:5      | Entered Level 5 of the Dungeon
  2335 | D:5      | Reached XP level 5. HP: 29/32 MP: 5/9
  2752 | D:3      | Found Jumiut's Weapon Boutique.
  3097 | D:4      | Reached skill level 1 in Armour
  3097 | D:4      | Reached XP level 6. HP: 37/37 MP: 6/10
  3203 | D:4      | Reached skill level 1 in Maces & Flails
  4010 | D:4      | Found a staircase to the Ecumenical Temple.
  4016 | D:4      | Reached XP level 7. HP: 37/42 MP: 7/12
  4028 | Temple   | Entered the Ecumenical Temple
  4280 | Temple   | Became a worshipper of Sif Muna the Loreminder
  5046 | D:5      | Reached skill level 5 in Ice Magic
  5046 | D:5      | Reached XP level 8. HP: 48/48 MP: 12/14
  5422 | D:6      | Reached skill level 5 in Stealth
  5466 | D:6      | Found an ornate altar of the Wu Jian Council.
  5573 | D:6      | Found a hazy altar of Hepliaklqana.
  5727 | D:6      | Noticed Menkaure
  5734 | D:6      | Killed Menkaure
  5784 | D:6      | Noticed Duvessa
  5784 | D:6      | Noticed Dowan
  5798 | D:6      | Killed Duvessa
  5799 | D:6      | Reached skill level 6 in Ice Magic
  5799 | D:6      | Reached skill level 1 in Invocations
  5822 | D:6      | Killed Dowan
  6728 | D:7      | Reached skill level 1 in Evocations
  6837 | D:7      | Reached XP level 9. HP: 49/52 MP: 12/15
  6839 | D:7      | Reached * piety under Sif Muna
  6869 | D:7      | Slain by an orc

Illustrated notes

Levels and vault maps discovered:
D:1:      denvon_arrival_planthouse, layout_basic, minmay_misc_feat_five,
          nicolae_figureground_pulse
D:2:      layout_loops_ring, uniq_robin
D:3:      layout_basic, serial_shops, nicolae_shop_bloodbath_and_beyond
D:4:      layout_basic, minmay_temple_entry_statues_pillars
D:5:      layout_basic
D:6:      layout_basic, nicolae_wu_jian_wuxing_cycle,
          mainiacjoe_overflow_alcove_1, enter_ossuary_4, uniq_duvessa,
          uniq_menkaure
D:7:      minmay_spotlight, layout_basic, enter_bailey_4, uniq_maggie
Temple:   nicolae_temple_bog_church

Skill      XL: |  1  2  3  4  5  6  7  8  9 |
---------------+----------------------------+-----
Dodging        | 2 3 |  3.0
Stealth        | 3 4 5 |  5.0
Spellcasting   | 3 4 |  4.0
Fighting       | 1 3 4 |  4.0
Armour         | 1 3 |  3.0
Maces & Flails | 1 2 4 |  4.5
Ice Magic      | 5 6 |  6.0
Invocations    | 4 |  4.0
Evocations     | 2 3 |  3.0

Action                     |  1- 3 |  4- 6 |  7- 9 || total
---------------------------+-------+-------+-------++-------
  Melee: Whip              |     8 |       |       ||     8
         Mace              |    39 |    83 |   168 ||   290
         Punch             |       |     2 |       ||     2
   Cast: Freeze            |    47 |    60 |    71 ||   178
         Ozocubu's Armour  |     1 |     6 |     8 ||    15
    Use: Scroll            |       |       |     5 ||     5
         Potion            |       |       |     2 ||     2
   Stab: Sleeping          |     3 |     7 |     4 ||    14
 Armour: Robe              |    19 |    53 |   144 ||   216
  Dodge: Dodged            |    76 |   188 |   342 ||   606
